 Dungeon Crawl Stone Soup version 0.31-a0-263-ge8cad7f256 (webtiles) character file.

Game seed: 16889203165891540646

53 qw the Shooter (level 3, 0/21 HPs)
             Began as a Gargoyle Hexslinger on July 13, 2023.
             Killed from afar by an orc wizard (7 damage)
             ... with a puff of flame
             ... on level 3 of the Dungeon.
             The game lasted 00:00:30 (1418 turns).

qw the Shooter (Gargoyle Hexslinger)                Turns: 1418, Time: 00:00:31

Health: 0/21       AC:  5    Str: 11    XL:     3   Next: 87%
Magic:  4/4        EV: 12    Int: 13    God:
Gold:   78         SH:  0    Dex: 14    Spells: 3/4 levels left

rFire   . . .        Y - +1 sling
rCold   . . .        (no shield)
rNeg    + . .        c - +0 robe
rPois   inf          (no helmet)
rElec   +            (no cloak)
rCorr   .            (no gloves)
SInv    .            (no boots)
Will    .....        (no amulet)
Stlth   +            (no ring)
HPRegen 0.23/turn    (no ring)
MPRegen 0.09/turn

%: no passive effects
@: confused
A: sickness immunity, AC +3, negative energy resistance 1, electricity
resistance, torment resistance 1, petrification resistance
a: no special abilities


You were on level 3 of the Dungeon.
You visited 1 branch of the dungeon, and saw 3 of its levels.

You collected 78 gold pieces.


Innate Abilities, Weirdness & Mutations

You are immune to sickness and miasma.
Your stone body is resilient. (AC +3)
You are immune to poison.
You resist negative energy. (rN+)
You are resistant to electric shocks. (rElec)
You are resistant to unholy torment.
You are immune to petrification.


   Skills:
 - Level 2.0 Fighting
 + Level 3.7 Ranged Weapons
 - Level 1.5 Dodging
 - Level 1.0 Spellcasting
 - Level 2.6 Hexes


You had 3 spell levels left.
You knew the following spells:

 Your Spells              Type           Power      Damage    Failure   Level
a - Slow                  Hex            28%        N/A       10%         1

Your spell library contained the following spells:

 Spells                   Type           Power      Damage    Failure   Level
 Inner Flame              Hex/Fire       4%         N/A       43%         3
 Portal Projectile        Hex/Tloc       8%         N/A       43%         3
 Cause Fear               Hex            3%         N/A       67%         4

Inventory:

Hand Weapons
 Y - a +1 sling (weapon)
Armour
 c - a +0 robe (worn)
Jewellery
 a - a ring of positive energy
Scrolls
 d - a scroll of identify

Dungeon Overview and Level Annotations

Branches:
Dungeon (3/15)

Altars:

Shops:
D:1 !


Message History

The orc wizard is almost dead.
You shoot a sling bullet. The sling bullet barely misses the orc.
The orc wizard casts a spell.
The orc wizard flickers and vanishes!
Deactivating autopickup; reactivate with Ctrl-A.
You shoot a sling bullet. The sling bullet barely misses the orc.
You shoot a sling bullet.
The sling bullet closely misses the orc.
You shoot a sling bullet.
The sling bullet closely misses the orc.
The orc hits you but does no damage.
You shoot a sling bullet. The sling bullet barely misses the orc.
The orc hits you with a +0 short sword. The orc closely misses you.
You shoot a sling bullet. The sling bullet hits the orc!
You kill the orc!
The orc misses you.
You shoot a sling bullet. The sling bullet hits the orc!
The orc is almost dead.
You shoot a sling bullet.
The sling bullet closely misses the orc.
Something hits you but does no damage. The orc hits you with a +0 short sword.
You shoot a sling bullet. The sling bullet hits the orc.
You kill the orc!
You hear some strange, mumbled words.
You are confused.
The orc hits you but does no damage.
You hear some strange, mumbled words.
You are more confused.
The orc closely misses you.
You hear some strange, mumbled words.
You are more confused.
The orc hits you with a +0 falchion. Something barely misses you.
The orc hits you with a +0 falchion.
You hear some strange, mumbled words.
You are more confused.
The orc hits you with a +0 falchion.
You hear some strange, mumbled words.
A puff of flame appears from out of thin air!
The puff of flame hits you!
You die...

#.# #.# #.# #.# #.# #.#
###
#######.##############..
........................
.######@###.........##?.
......o{..#.#######.##.<
..#########'##### #.####
..........>.# #.#
#####.......# #.####
#.......# #.....
#.......# #.....
#.......# #.....
#.......# #.....


You could see an orc.

Vanquished Creatures
  An adder (D:2)
  A dart slug (D:1)
  2 orcs (D:3)
  3 endoplasms
  3 goblins (D:1)
  3 hobgoblins
  4 kobolds
  4 quokkas
  5 ball pythons
  3 bats
  3 frilled lizards
  7 rats
39 creatures vanquished.

Notes
Turn   | Place    | Note
-------+----------+-------------------------------------------
     0 | D:1      | qw the Gargoyle Hexslinger began the quest for the Orb.
     0 | D:1      | Reached XP level 1. HP: 12/12 MP: 2/2
     0 | D:1      | 0 ||| qw: Version: 0.3-a-52-g30416fa
     0 | D:1      | 0 ||| qw: Game counter: 7402
     0 | D:1      | 0 ||| qw: Melee chars always use a shield: true
     0 | D:1      | 0 ||| qw: God list: Okawaru
     0 | D:1      | 0 ||| qw: Allow faded altars: false
     0 | D:1      | 0 ||| qw: Do Orc after clearing Dungeon:15 true
     0 | D:1      | 0 ||| qw: Do second Lair branch before Depths: true
     0 | D:1      | 0 ||| qw: Lair rune preference: random
     0 | D:1      | 0 ||| qw: Goals: Normal
     0 | D:1      | 0 ||| PLANNING D:1-11
   278 | D:1      | Reached XP level 2. HP: 15/16 MP: 3/3
   332 | D:1      | Found Yxuqul's Distillery.
   341 | D:1      | 341 ||| SHOPLISTING potion of curing (30 gold, have 18).
   341 | D:1      | 341 ||| SHOPLISTING potion of heal wounds (50 gold, have
                  | 18).
   341 | D:1      | 341 ||| SHOPLISTING potion of might (40 gold, have 18).
   350 | D:1      | Reached skill level 3 in Ranged Weapons
   640 | D:1      | Reached XP level 3. HP: 18/21 MP: 4/4
   698 | D:1      | 698 ||| READING scroll labelled XOCUNG CEURO.
   699 | D:1      | 699 ||| DROPPING scroll of poison.
  1318 | D:2      | 1318 ||| READING scroll labelled QATESU YMPOGIEH.
  1319 | D:2      | 1319 ||| READING scroll labelled ROERURHUEMIU.
  1320 | D:2      | 1320 ||| READING 2 scrolls of identify.
  1320 | D:2      | 1320 ||| IDENTIFYING silvery potion
  1321 | D:2      | 1321 ||| DROPPING potion of lignification.
  1418 | D:3      | Killed from afar by an orc wizard

Levels and vault maps discovered:
D:1:      kennysheep_arrival_forest, layout_loops_cross, serial_shops,
          nicolae_shop_advertising_works [nicolae_subvault_shop_adworks],
          st_stairs_3
D:2:      layout_loops_cross
D:3:      layout_basic, vehumet_statue, lemuel_round_altar

Skill      XL: |  1  2  3 |
---------------+----------+-----
Ranged Weapons | 3 |  3.7
Fighting       | 2 |  2.0
Dodging        | |  1.5
Spellcasting   | |  1.0
Hexes          | |  2.6

Action                     || total
---------------------------++-------
   Fire: Sling             ||   126
    Use: Scroll            ||     4
 Armour: Robe              ||    10
  Dodge: Dodged            ||    28

Table legend:
 A = Non-vault XP
 B = Vault XP
 C = Vault XP percentage of total XP
 D = Non-vault monster count
 E = Vault monster count
 F = Vault count percentage of total count
                 A         B        C        D         E       F
            +---------+---------+-------+---------+---------+-------
      Total |      73 |       3 |   3.9 |      37 |       2 |   5.1
            +---------+---------+-------+---------+---------+-------
        D:1 |      31 |       3 |   8.8 |      18 |       2 |  10.0
        D:2 |      33 |       0 |   0.0 |      15 |       0 |   0.0
        D:3 |       9 |       0 |   0.0 |       4 |       0 |   0.0
            +---------+---------+-------+---------+---------+-------
